 Dungeon Crawl Stone Soup version 0.23-a0-489-g205b0b6 (webtiles) character file.

3015 Leeroy the Magician (level 9, -9/71 HPs)
             Began as a Gnoll Skald on Dec 1, 2018.
             Was an Initiate of Vehumet.
             Mangled by an orc warrior
             ... wielding a +0 scimitar
              (14 damage)
             ... on level 8 of the Dungeon on Dec 2, 2018.
             The game lasted 01:28:27 (6984 turns).

Leeroy the Magician (Gnoll Skald)                   Turns: 6984, Time: 01:28:27

Health: -9/71      AC: 13    Str: 23      XL:     9   Next: 85%
Magic:  14/19      EV: 12    Int: 13 (17) God:    Vehumet [......]
Gold:   244        SH:  4    Dex: 17      Spells: 9/21 levels left

rFire    . . .     SeeInvis .   G - +1 trident
rCold    . . .     Gourm    .   (no shield)
rNeg     . . .     Faith    .   h - +1 chain mail
rPois    .         Spirit   .   (no helmet)
rElec    .         Reflect  +   p - +0 cloak
rCorr    .         Harm     .   (no gloves)
MR       .....                  x - +0 pair of boots
Stlth    ..........             V - +4 amulet of reflection
HPRegen  0.21/turn              z - +5 ring of strength
MPRegen  0.16/turn              q - ring of wizardry

@: mighty, flying, very slightly contaminated, hasted, very quick
A: distributed training, fangs 1, strong nose
a: Renounce Religion


You were on level 8 of the Dungeon.
You worshipped Vehumet.
Vehumet was noncommittal.
You were not hungry.

You visited 2 branches of the dungeon, and saw 9 of its levels.

You collected 244 gold pieces.

Inventory:

Hand Weapons
 a - a +0 falchion
 c - a +4 dagger
 k - a +4 hand axe of flaming
 s - a +0 blowgun
 G - a +1 trident (weapon)
 K - a +0 shortbow
 L - a +0 falchion
 N - a +0 hunting sling
 R - a +0 hand axe of flaming
 S - a +0 quarterstaff
 T - a +0 broad axe of electrocution
 U - a +0 war axe
 Y - a +0 short sword
 Z - a +0 trident
Missiles
 i - 2 throwing nets
 j - 58 arrows
 o - 27 poisoned needles
 r - 168 stones (quivered)
 w - 85 sling bullets
 I - 66 bolts
Armour
 b - a +0 leather armour
 h - a +1 chain mail (worn)
 m - a +1 helmet
 p - a +0 cloak (worn)
 x - a +0 pair of boots (worn)
 W - a +0 ring mail
Jewellery
 e - a cursed ring of teleportation
 g - an uncursed ring of fire
 q - a ring of wizardry (right hand)
 z - a +5 ring of strength (left hand)
 C - an uncursed ring of protection from cold {unknown}
 F - an uncursed ring of protection from fire
 V - a +4 amulet of reflection (around neck)
Wands
 t - a wand of digging (5)
 B - a wand of polymorph (3)
Scrolls
 f - a scroll of amnesia
 n - 4 scrolls of magic mapping
 u - 2 scrolls of fog
 E - a scroll of remove curse
 H - a scroll of fear
 M - 2 scrolls of noise {unknown}
 O - 2 scrolls of teleportation {unknown}
Potions
 l - 2 potions of lignification
 v - a potion of might
 A - a potion of agility
 Q - 2 potions of haste
Comestibles
 d - 8 rations


   Skills:
 + Level 6.5 Fighting
 + Level 4.5 Short Blades
 + Level 6.5 Long Blades
 + Level 4.5 Axes
 + Level 4.5 Maces & Flails
 + Level 4.5 Polearms
 + Level 4.5 Staves
 + Level 4.5 Slings
 + Level 4.5 Bows
 + Level 4.5 Crossbows
 + Level 4.5 Throwing
 + Level 5.3 Armour
 + Level 6.5 Dodging
 + Level 4.5 Stealth
 + Level 4.5 Shields
 + Level 4.5 Unarmed Combat
 + Level 6.8 Spellcasting
 + Level 3.7 Conjurations
 + Level 3.7 Hexes
 + Level 6.7 Charms
 + Level 3.7 Summonings
 + Level 3.7 Necromancy
 + Level 3.7 Translocations
 + Level 3.7 Transmutations
 + Level 3.7 Fire Magic
 + Level 3.7 Ice Magic
 + Level 3.7 Air Magic
 + Level 3.7 Earth Magic
 + Level 3.7 Poison Magic
   Level 5.0 Invocations
 + Level 4.5 Evocations


You had 9 spell levels left.
You knew the following spells:

 Your Spells              Type           Power        Failure   Level  Hunger
a - Infusion              Chrm           ###.         2%          1    None
b - Shroud of Golubria    Chrm/Tloc      ###.......   8%          2    #......
c - Regeneration          Chrm/Necr      ###.......   16%         3    ###....
d - Spectral Weapon       Hex/Chrm       ###.....     16%         3    ###....
e - Confuse               Hex            ##......     26%         3    ###....

Your spell library contained the following spells:

 Spells                   Type           Power        Failure   Level  Hunger
 Song of Slaying          Chrm           ###.....     4%          2    #......
 Confusing Touch          Hex            ##....       10%         1    None
 Gell's Gravitas          Tloc           ##........   26%         3    ###....
 Petrify                  Tmut/Erth      ##......     65%         4    ####...
 Metabolic Englaciation   Hex/Ice        ##........   92%         5    ######.
 Yara's Violent Unravell  Hex/Tmut       ##........   92%         5    ######.


Dungeon Overview and Level Annotations

Branches:
Dungeon (8/15)             Temple (1/1) D:7            Lair (0/6) D:8

Altars:
Ashenzari
Cheibriados
Dithmenos
Elyvilon
Fedhas
Gozag
Hepliaklqana
Kikubaaqudgha
Makhleb
Nemelex Xobeh
Okawaru
Qazlal
Ru
Sif Muna
Trog
Uskayaw
Vehumet
Wu Jian
Xom
Yredelemnul
Zin
The Shining One

Annotations:
D:8 Grum


Innate Abilities, Weirdness & Mutations

Your experience applies equally to all skills.
You have very sharp teeth.
Your uncanny sense of smell can sniff out nearby items.


Message History

Attack whom?
Press: ? - help, Dir - move target cursor, f - troll, p - orc warrior
Aim: a troll You can't reach that far!
Okay, then.
Okay, then.
As you read the scroll labeled LIOZ XAMETUALI, it crumbles to dust.
It is a scroll of enchant armour.
Your +0 chain mail glows green for a moment.
It was a potion of flight.
You feel very buoyant.
You fly up into the air.
The bullfrog croaks.
Found a dagger.
As you read the scroll labeled MUDEPRUI UREODD, it crumbles to dust.
It is a scroll of enchant weapon.
Your +0 trident glows red for a moment.
The orc wizard looks braver for a moment.
The orc warrior hits you with a +0 scimitar!
You die...

#..# #.### #######.#.# #..#
#...###.(.#.....#
#.###..####...##.# ###.####
#.........oh#....# #.##.#
#####.o####...#...o.##....#
#..# ##.#####ho.####.#
#######..# #...# ....# #
........######### ....#
##......##oo.o@.# o.s.#
####.#.#..##.####..........
......>oo.##{# T.........
.....#.#.###.# .....>.
_8_...o..# #o# #......
.....#o### #.# ..PF..
.....#o# #.# #..).. #######
#.## #.# #.######.....
#....<. . #o#####.o$...#
#######


You could see a troll, an orc warrior, a bullfrog, an orc wizard and an orc.

Vanquished Creatures
  Joseph (D:7)
  A slime creature (D:7)
  A hungry ghost (D:7)
  A warg (D:8)
  A water moccasin (D:7)
  2 ogres
  2 black bears
  A wolf (Temple)
  2 centaurs
  6 big kobolds (D:7)
  A bullfrog (D:7)
  3 scorpions
  A crimson imp (D:7)
  A bullfrog zombie (D:7)
  3 hounds
  4 orc priests
  3 jellies (D:7)
  2 iguanas
  5 orc wizards
  5 worker ants
  A hound zombie (D:6)
  A hound skeleton (D:7)
  2 worker ant zombies
  3 gnolls (D:3)
  2 howler monkey skeletons
  5 adders
  2 oozes (D:7)
  An adder zombie (D:6)
  7 worms
  3 dart slugs
  A leopard gecko (D:7)
  12 orcs
  6 giant cockroaches
  4 goblins
  9 hobgoblins
  10 jackals
  A quokka (D:2)
  3 ball pythons
  7 bats
  9 frilled lizards
  9 kobolds
  2 leopard gecko skeletons
  5 rats
151 creatures vanquished.

Vanquished Creatures (others)
  4 fungi (D:7)
  9 toadstools (D:7)
13 creatures vanquished.

Grand Total: 164 creatures vanquished

Notes
Turn   | Place    | Note
-------+----------+-------------------------------------------
     0 | D:1      | Leeroy the Gnoll Skald began the quest for the Orb.
     0 | D:1      | Reached XP level 1. HP: 20/20 MP: 6/6
    81 | D:1      | Reached XP level 2. HP: 22/26 MP: 7/7
   233 | D:1      | Learned a level 2 spell: Shroud of Golubria
   439 | D:2      | Reached XP level 3. HP: 28/31 MP: 9/9
   443 | D:2      | Reached skill level 5 in Spellcasting
   468 | D:2      | Reached skill level 1 in Invocations
   564 | D:2      | Learned a level 3 spell: Regeneration
   658 | D:2      | Reached skill level 1 in Short Blades
   658 | D:2      | Reached skill level 1 in Axes
   658 | D:2      | Reached skill level 1 in Maces & Flails
   658 | D:2      | Reached skill level 1 in Polearms
   658 | D:2      | Reached skill level 1 in Staves
   658 | D:2      | Reached skill level 1 in Slings
   658 | D:2      | Reached skill level 1 in Bows
   658 | D:2      | Reached skill level 1 in Crossbows
   658 | D:2      | Reached skill level 1 in Throwing
   658 | D:2      | Reached skill level 1 in Stealth
   658 | D:2      | Reached skill level 1 in Shields
   658 | D:2      | Reached skill level 1 in Unarmed Combat
   658 | D:2      | Reached skill level 1 in Evocations
   688 | D:2      | Learned a level 3 spell: Spectral Weapon
   823 | D:2      | Reached XP level 4. HP: 31/38 MP: 11/11
  1389 | D:3      | Reached skill level 1 in Conjurations
  1389 | D:3      | Reached skill level 1 in Hexes
  1389 | D:3      | Reached skill level 1 in Summonings
  1389 | D:3      | Reached skill level 1 in Necromancy
  1389 | D:3      | Reached skill level 1 in Translocations
  1389 | D:3      | Reached skill level 1 in Transmutations
  1389 | D:3      | Reached skill level 1 in Fire Magic
  1389 | D:3      | Reached skill level 1 in Ice Magic
  1389 | D:3      | Reached skill level 1 in Air Magic
  1389 | D:3      | Reached skill level 1 in Earth Magic
  1389 | D:3      | Reached skill level 1 in Poison Magic
  1394 | D:3      | Reached XP level 5. HP: 34/43 MP: 7/12
  1759 | D:4      | Reached XP level 6. HP: 35/50 MP: 6/13
  2001 | D:4      | Found a sparkling altar of Nemelex Xobeh.
  2103 | D:4      | Reached skill level 5 in Fighting
  2103 | D:4      | Reached skill level 5 in Long Blades
  2103 | D:4      | Reached skill level 5 in Dodging
  2175 | D:5      | Entered Level 5 of the Dungeon
  2316 | D:5      | Reached XP level 7. HP: 49/56 MP: 15/15
  2847 | D:5      | Found a stormy altar of Qazlal.
  2913 | D:5      | Found a snail-covered altar of Cheibriados.
  3632 | D:6      | Found a shimmering altar of Xom.
  3831 | D:6      | Learned a level 3 spell: Confuse
  4070 | D:6      | Reached XP level 8. HP: 47/63 MP: 16/16
  4551 | D:7      | Noticed Joseph
  4594 | D:7      | Killed Joseph
  4644 | D:7      | Found a white marble altar of Elyvilon.
  4795 | D:7      | Found a staircase to the Ecumenical Temple.
  4870 | D:7      | Found a radiant altar of Vehumet.
  4920 | D:7      | Reached XP level 9. HP: 43/69 MP: 6/18
  4967 | Temple   | Entered the Ecumenical Temple
  5136 | Temple   | Upgraded the game from 0.23-a0-488-g5fd82c5 to
                  | 0.23-a0-489-g205b0b6
  5305 | Temple   | Became a worshipper of Sif Muna the Loreminder
  5370 | D:7      | Found a basalt altar of Yredelemnul.
  5443 | D:7      | Found an ornate altar of the Wu Jian Council.
  5468 | D:7      | Fell from the grace of Sif Muna
  5468 | D:7      | Became a worshipper of Vehumet
  5496 | D:7      | Reached skill level 5 in Armour
  5942 | D:7      | Found an iron altar of Okawaru.
  6067 | D:7      | HP: 3/70 [slime creature (14)]
  6270 | D:8      | Noticed Grum
  6365 | Temple   | HP: 3/71 [wolf[Grum] (3)]
  6370 | Temple   | HP: 3/71 [wolf[Grum] (1)]
  6692 | D:8      | Found an opulent altar of Gozag.
  6897 | D:8      | Found a shadowy altar of Dithmenos.
  6904 | D:8      | Found an ancient bone altar of Kikubaaqudgha.
  6935 | D:8      | Reached skill level 5 in Invocations
  6979 | D:8      | Found a staircase to the Lair.
  6980 | D:8      | Noticed a troll
  6984 | D:8      | Mangled by an orc warrior

Vault maps used:
D:1:      scummos_arrival_forest
D:2:      first_ration
D:4:      nemelex_xobeh_ov_fountains_minmay, minmay_tree_intersection,
          dk_noncrumbling_4
D:5:      slow_altar_1, nicolae_overflow_hidden_temple
D:6:      xom_teletrap_fun
D:7:      cheibrodos_fertilizer, okawaru_altar_gauntlet_db, old_standard_altar,
          elyvilon_altar_3, kennysheep_mini, old_standard_altar,
          minmay_temple_entry_slanted, uniq_joseph
D:8:      nicolae_gozag_cash_rules_everything_around_me,
          chequers_temple_overflow_statue_of_worship, erik_lair_orcish_takeover,
          gammafunk_ghost_smash, solitary_fountain, kennysheep_windowed_goal,
          uniq_pikel, uniq_grum, uniq_prince_ribbit1
Temple:   compressed_dpeg_circular_temple

Skill      XL: |  1  2  3  4  5  6  7  8  9 |
---------------+----------------------------+-----
Spellcasting   | 5 6 |  6.8
Invocations    | 1 2 3 4 5 |  5.0
Short Blades   | 1 2 3 4 |  4.5
Axes           | 1 2 3 4 |  4.5
Maces & Flails | 1 2 3 4 |  4.5
Polearms       | 1 2 3 4 |  4.5
Staves         | 1 2 3 4 |  4.5
Slings         | 1 2 3 4 |  4.5
Bows           | 1 2 3 4 |  4.5
Crossbows      | 1 2 3 4 |  4.5
Throwing       | 1 2 3 4 |  4.5
Stealth        | 1 2 3 4 |  4.5
Shields        | 1 2 3 4 |  4.5
Unarmed Combat | 1 2 3 4 |  4.5
Evocations     | 1 2 3 4 |  4.5
Conjurations   | 1 2 3 |  3.7
Hexes          | 1 2 3 |  3.7
Summonings     | 1 2 3 |  3.7
Necromancy     | 1 2 3 |  3.7
Translocations | 1 2 3 |  3.7
Transmutations | 1 2 3 |  3.7
Fire Magic     | 1 2 3 |  3.7
Ice Magic      | 1 2 3 |  3.7
Air Magic      | 1 2 3 |  3.7
Earth Magic    | 1 2 3 |  3.7
Poison Magic   | 1 2 3 |  3.7
Armour         | 3 4 5 |  5.3
Fighting       | 5 6 |  6.5
Long Blades    | 5 6 |  6.5
Dodging        | 5 6 |  6.5
Charms         | 6 |  6.7

Action                   |  1- 3 |  4- 6 |  7- 9 || total
-------------------------+-------+-------+-------++-------
Melee: Falchion          |    18 |     6 |    87 ||   111
       Bite              |     5 |    13 |    64 ||    82
       Hand axe          |    61 |   129 |   143 ||   333
       Punch             |       |     1 |     7 ||     8
       Dagger            |       |     7 |       ||     7
       Trident           |       |       |   115 ||   115
 Fire: Shortbow          |       |       |    11 ||    11
       Blowgun           |       |       |     1 ||     1
Throw: Stone             |       |     6 |     8 ||    14
 Cast: Infusion          |     1 |     2 |     3 ||     6
       Regeneration      |     2 |     4 |    11 ||    17
       Shroud of Golubri |     1 |     5 |     4 ||    10
       Spectral Weapon   |       |     2 |     4 ||     6
  Use: Scroll            |     1 |     7 |     9 ||    17
       Potion            |       |     1 |    14 ||    15
 Stab: Sleeping          |     1 |     2 |       ||     3
  Eat: Chunk             |       |     6 |    10 ||    16
       Ration            |       |       |     3 ||     3
Armor: Leather armour    |    28 |    27 |     5 ||    60
       Chain mail        |       |       |   185 ||   185
Dodge: Dodged            |    87 |   113 |   245 ||   445
Block: Other             |       |     5 |    79 ||    84
       Reflection        |       |       |     8 ||     8
       Rpst.: Falchion   |     2 |       |    13 ||    15

Table legend:
 A = Non-vault XP
 B = Vault XP
 C = Vault XP percentage of total XP
 D = Non-vault monster count
 E = Vault monster count
 F = Vault count percentage of total count
                 A         B        C        D         E       F
            +---------+---------+-------+---------+---------+-------
      Total |    2817 |    1491 |  34.6 |     128 |      23 |  15.2
            +---------+---------+-------+---------+---------+-------
        D:1 |      24 |       0 |   0.0 |      15 |       0 |   0.0
        D:2 |      71 |       0 |   0.0 |      22 |       0 |   0.0
        D:3 |     118 |       0 |   0.0 |      24 |       0 |   0.0
        D:4 |     241 |       0 |   0.0 |      19 |       0 |   0.0
        D:5 |     650 |       5 |   0.8 |      14 |       1 |   6.7
        D:6 |     155 |       0 |   0.0 |       5 |       0 |   0.0
        D:7 |    1449 |    1213 |  45.6 |      26 |      20 |  43.5
        D:8 |     109 |     158 |  59.2 |       3 |       1 |  25.0
     Temple |       0 |     115 | 100.0 |       0 |       1 | 100.0
            +---------+---------+-------+---------+---------+-------
